 Dungeon Crawl Stone Soup version 0.22-a0-469-gf26638a (webtiles) character file.

302 Amnesiac the Prestidigitator (level 6, 0/29 HPs)
             Began as a Spriggan Artificer on June 13, 2018.
             Was an Initiate of Gozag.
             Slain by a worm (7 damage)
             ... on level 2 of the Dungeon.
             The game lasted 00:05:11 (1721 turns).

Amnesiac the Prestidigitator (Spriggan Artificer)   Turns: 1721, Time: 00:05:11

Health: 0/29       AC:  2    Str: 10    XL:     6   Next: 14%
Magic:  13/13      EV: 18    Int: 14    God:    Gozag
Gold:   42         SH:  0    Dex: 17    Spells: 5/5 levels left

rFire    . . .     SeeInvis +   q - +0 morningstar (protect)
rCold    . . .     Gourm    .   (shield restricted)
rNeg     . . .     Faith    .   b - +0 robe
rPois    .         Spirit   .   (helmet restricted)
rElec    .         Reflect  .   (no cloak)
rCorr    .         Harm     .   (gloves unavailable)
MR       +....                  (boots unavailable)
Stlth    ++........             (no amulet)
HPRegen  0.09/turn              k - +2 ring of intelligence
MPRegen  0.13/turn              (no ring)

@: lethally poisoned (0 -> -3), very quick
A: very small, unfitting armour, see invisible, herbivore, speed 3, slow
metabolism 2
a: Potion Petition, Call Merchant, Bribe Branch, Renounce Religion


You were on level 2 of the Dungeon.
You worshipped Gozag.
Gozag was noncommittal.
You were not hungry.

You visited 2 branches of the dungeon, and saw 6 of its levels.

You collected 118 gold pieces.
You paid 76 gold pieces to Gozag.

Inventory:

Hand Weapons
 a - a +0 short sword
 q - a +0 morningstar of protection (weapon)
Missiles
 g - 23 sling bullets
 l - 61 stones (quivered)
Armour
 b - a +0 robe (worn)
Jewellery
 k - a +2 ring of intelligence (left hand)
Wands
 c - a wand of flame (9)
 d - a wand of enslavement (10)
 e - a wand of random effects (21)
Scrolls
 h - a scroll of blinking {!r, unknown}
 i - 3 scrolls of identify {!r, unknown}
 j - a scroll of random uselessness {!r, unknown}
 o - 3 scrolls of amnesia {!r, unknown}
Potions
 m - a potion of heal wounds {!q, unknown}
 n - a potion of degeneration {!q, unknown}
 p - a potion of curing {!q, unknown}
Comestibles
 f - 4 rations


   Skills:
 - Level 0.7 Fighting
 - Level 1.1 Short Blades
 - Level 3.0 Dodging
 - Level 1.5 Stealth
 + Level 9.2 Evocations


You had 5 spell levels left.
You didn't know any spells.
Your spell library was empty.

Dungeon Overview and Level Annotations

Branches:
Dungeon (5/15)             Temple (1/1) D:5

Altars:
Dithmenos
Fedhas
Gozag
Hepliaklqana
Makhleb
Nemelex Xobeh
Okawaru
Qazlal
Ru
Uskayaw
Vehumet
Wu Jian
Xom
Yredelemnul
Zin
The Shining One

Annotations:
D:5 2 exclusions


Innate Abilities, Weirdness & Mutations

You are very small and have problems with some larger weapons.
You are too small for most types of armour.
You have supernaturally acute eyesight. (SInv)
You are a herbivore.
You cover ground extremely quickly.
You need to consume almost no food.


Message History

A bat, a giant cockroach and a zombie come into view.
The bat hits you but does no damage.
There is a stone staircase leading down here.
The bat barely misses you. The bat closely misses you.
The bat barely misses you.
The goblin shouts!
The bat barely misses you. The bat barely misses you. The bat misses you.
The bat misses you. The bat misses you. The bat misses you.
You miss the bat. The bat completely misses you.
The bat hits you but does no damage. The bat closely misses you.
You barely miss the bat. The bat hits you but does no damage.
The adder hisses angrily.
The adder bites you.
You puncture the adder!
Your weapon exudes an aura of protection.
The adder is severely wounded.
The adder closely misses you. The adder completely misses you.
You barely miss the adder.
The adder is severely wounded.
The adder closely misses you. The adder barely misses you.
You closely miss the adder.
The adder is severely wounded.
The adder barely misses you. The adder completely misses you.
You barely miss the adder.
The adder is severely wounded.
The adder bites you.
You are poisoned.
The adder poisons you! The worm closely misses you.
The adder completely misses you.
You miss the adder.
The adder is severely wounded.
You feel sick. The adder completely misses you. The worm completely misses you.
You barely miss the adder.
The adder is severely wounded.
You feel sick. The adder completely misses you. The adder misses you.
The worm misses you.
You barely miss the adder.
The adder is severely wounded.
The adder barely misses you. The adder bites you. The worm closely misses you.
You barely miss the adder.
The adder is severely wounded.
You feel sick.
The adder barely misses you. x2; The worm bites you!
* * * LOW HITPOINT WARNING * * *
Evoke which item? (* to show all) (? for menu, Esc to quit)
Aiming: Random Effects
Press: ? - help, Shift-Dir - straight line, f - worm
Aim: a worm The worm seems to speed up.
The adder bites you but does no damage. The worm closely misses you.
The adder misses you.
Evoke which item? (* to show all) (? for menu, Esc to quit)
Aiming: Enslavement
Press: ? - help, Shift-Dir - straight line, f/p - worm
Aim: a worm (fast, chance to defeat MR: 78%)
The worm barely resists.
The adder bites you.
* * * LOW HITPOINT WARNING * * *
The worm bites you!
You die...
Your body crumbles into a pile of gold.

......g...w...#
#############.# #.#
#s# #g# #Z# #b# #w#
#@# ### #######S###
#.. .......#..# #.#
#######.#.# #.#
#.#.# ##.## #.#.#
####...#########.#.#
............S..S.#.#
####...###########.#


You could see a worm, an adder, an adder zombie, a giant cockroach, a goblin and
a bat.

Vanquished Creatures
  Sigmund (D:5)
  A crimson imp (D:5)
  Ijyb (D:4)
  A worker ant (D:4)
  A worker ant zombie (D:5)
  2 adders
  An adder skeleton (D:4)
  A dart slug (D:3)
  The ghost of Amnesiac the Charlatan, a weakling SpAr (D:3)
  A leopard gecko (D:4)
  5 orcs
  A giant cockroach (D:5)
  A goblin (D:3)
  2 hobgoblins (D:3)
  2 jackals (D:4)
  A quokka (D:4)
  A bat (D:3)
24 creatures vanquished.

Vanquished Creatures (collateral kills)
  A crimson imp (D:5)
  2 jackals (D:4)
3 creatures vanquished.

Vanquished Creatures (others)
  A centaur skeleton (D:4)
1 creature vanquished.

Grand Total: 28 creatures vanquished

Notes
Turn   | Place    | Note
-------+----------+-------------------------------------------
     0 | D:1      | Amnesiac the Spriggan Artificer began the quest for the Orb.
     0 | D:1      | Reached XP level 1. HP: 9/9 MP: 4/4
   258 | D:2      | You fall through a shaft for 2 floors!
   265 | D:4      | Noticed a worker ant
   275 | D:4      | Killed a worker ant
   275 | D:4      | Reached skill level 5 in Evocations
   275 | D:4      | Reached XP level 2. HP: 14/14 MP: 4/6
   276 | D:4      | Noticed Ijyb
   314 | D:4      | Reached XP level 3. HP: 17/17 MP: 8/8
   316 | D:4      | Killed Ijyb
   316 | D:4      | Reached skill level 6 in Evocations
   659 | D:4      | Found a shadowy altar of Dithmenos.
   819 | D:3      | Reached XP level 4. HP: 21/21 MP: 9/9
   829 | D:3      | Noticed Amnesiac's ghost (weakling SpAr)
   840 | D:3      | Killed Amnesiac's ghost
  1110 | D:5      | Entered Level 5 of the Dungeon
  1120 | D:5      | Reached skill level 7 in Evocations
  1158 | D:5      | Noticed a centaur
  1218 | D:5      | Reached XP level 5. HP: 11/25 MP: 11/11
  1363 | D:5      | Noticed Sigmund
  1373 | D:5      | Killed Sigmund
  1373 | D:5      | Reached skill level 9 in Evocations
  1373 | D:5      | Reached XP level 6. HP: 26/29 MP: 11/13
  1401 | D:5      | Found a staircase to the Ecumenical Temple.
  1410 | Temple   | Entered the Ecumenical Temple
  1587 | Temple   | Became a worshipper of Gozag Ym Sagoz the Greedy
  1721 | D:2      | Slain by a worm

Vault maps used:
D:1:      dpeg_arrival_round_b
D:2:      nicolae_overflow_hidden_temple, moated_statue
D:4:      nicolae_dithmenos_through_a_glass_darkly, uniq_ijyb
D:5:      kennysheep_windowed_halls, nicolae_overflow_crystal_walls,
          kennysheep_vampire_church, temple_hall, first_ration, uniq_sigmund
Temple:   bh_familiar_temple

Skill      XL: |  1  2  3  4  5 |
---------------+----------------+-----
Evocations     | 5 6 7 9 |  9.2
Fighting       | |  0.7
Short Blades   | |  1.1
Dodging        | |  3.0
Stealth        | |  1.5

Action                   |  1- 3 |  4- 6 || total
-------------------------+-------+-------++-------
Melee: Short sword       |    35 |    23 ||    58
       Morningstar       |       |    64 ||    64
Evoke: Wand              |    15 |    13 ||    28
 Stab: Distracted        |     1 |       ||     1
Armor: Robe              |     4 |    17 ||    21
Dodge: Dodged            |    45 |   106 ||   151

Table legend:
 A = Spawn XP
 B = Non-spawn XP
 C = Spawn XP percentage of total XP
 D = Spawn monster count
 E = Non-spawn monster count
 F = Spawn count percentage of total count
 G = Total turns spent on level
                    A         B        C        D         E        F      G
               +---------+---------+-------+---------+---------+-------+---------
         Total |       0 |     432 |   0.0 |       0 |      28 |   0.0 |  1721
               +---------+---------+-------+---------+---------+-------+---------
           D:3 |       0 |      30 |   0.0 |       0 |       8 |   0.0 |   107
           D:4 |       0 |     108 |   0.0 |       0 |      15 |   0.0 |   792
           D:5 |       0 |     294 |   0.0 |       0 |       5 |   0.0 |   326
               +---------+---------+-------+---------+---------+-------+---------
